Map: Lost and Found LE

Players

zuka - Winner!

  • Race: Protoss Protoss
  • League: Master
  • Spawn Location: 1:00

DrunkenSCV

  • Race: Terran Terran
  • League: Master
  • Spawn Location: 7:00

VOD

Have the link to the VOD?

Description

Time

  • Played on: July 23, 2018, 2:56 p.m.
  • Length: 6:20
Show
View Real Time Build Order
Export as new Build Order

zuka Protoss - Winner!

Build Orders:  

Get SALT Encoding   

  12  0:00  Probe  
  13  0:12  Probe  
  14  0:17  Pylon  
  14  0:20  Probe  
  15  0:31  Probe  
  16  0:36  Gateway  
  16  0:43  Probe  
  16  0:46  Assimilator  
  17  0:53  Probe  
  17  0:56  Assimilator  
  18  1:01  Probe  
  18  1:09  Probe  
  20  1:21  Probe  
  20  1:25  Cybernetics Core  
  21  1:34  Probe  
  22  1:41  Pylon  
  22  1:46  Probe  
  23  2:04  Robotics Facility  
  23  2:06  Robotics Facility  
  23  2:10  Adept  
  25  2:30  Shield Battery  
  25  2:31  Pylon  
  25  2:33  Shield Battery  
  25  2:35  Probe  
  27  2:53  Immortal  
  27  2:55  Immortal  
  33  3:23  Pylon  
  33  3:24  Warp Prism  
  33  3:39  Immortal  
  39  4:00  Immortal  
  43  4:19  Immortal  
  47  4:37  Pylon  
  47  4:40  Pylon  
  47  4:50  Adept  
  47  4:59  Observer  
  47  5:06  Warp Prism  
  48  5:26  Immortal  
Show
View Real Time Build Order
Export as new Build Order

DrunkenSCV Terran 

Build Orders: Reaper Expand 

Get SALT Encoding   

  12  0:01  SCV  
  13  0:13  SCV  
  14  0:17  Supply Depot  
  14  0:25  SCV  
  15  0:38  SCV  
  15  0:39  Barracks  
  16  0:43  Refinery  
  16  0:50  SCV  
  17  1:02  SCV  
  18  1:14  SCV  
  19  1:27  Reaper, Orbital Command  
  20  1:40  Command Center  
  20  1:52  SCV  
  20  1:53  Supply Depot  
  21  1:59  Barracks Tech Lab  
  21  2:04  SCV  
  21  2:08  Barracks  
  22  2:16  SCV  
  22  2:21  Combat Shields, Marine  
  24  2:26  Barracks  
  24  2:30  SCV  
  25  2:41  Marine  
  26  2:45  SCV  
  27  2:53  Orbital Command  
  27  2:55  Marine  
  28  2:59  Marine  
  29  3:09  SCV  
  30  3:13  Marine x2  
  30  3:16  Factory  
  30  3:17  Marine  
  33  3:21  SCV  
  33  3:25  Supply Depot  
  34  3:30  Marine  
  34  3:31  Marine  
  34  3:33  Bunker  
  36  3:34  Marine  
  36  3:38  Bunker  
  37  3:48  Marine  
  37  3:49  Marine  
  37  3:52  Marine  
  39  4:06  Marine  
  39  4:07  Marine  
  40  4:10  Marine  
  39  4:20  Starport  
  39  4:21  Widow Mine  
  41  4:24  Marine x2  
  41  4:28  Marine  
  42  4:39  Supply Depot  
  42  4:41  SCV  
  42  4:42  Supply Depot, Marine x2  
  45  4:46  Marine  
  43  4:53  SCV  
  43  4:59  Marine  
  42  5:00  Marine  
  42  5:03  Marine  
  42  5:04  Medivac  
  42  5:06  Widow Mine  
  49  5:17  Marine  
  49  5:18  Marine  
  48  5:21  Marine  
  46  5:36  Marine, Viking  
  51  5:47  Barracks Tech Lab  
  46  5:52  Engineering Bay  
  46  5:54  Barracks  
  46  5:55  Barracks  
Tags
 
Add a new tag
Caveats
  • Supply blocks, unpowered buildings, or Contaminate may cause inaccurate times.
  • Supply counts are checked every 10 seconds.